SL
MONTREAL RIVERMEN @ PHILADEPHIA 1776 BC
09/16/2017
 
TOP OF THE 1ST
Montreal Rivermen batting - Pitching for Philadephia 1776 BC : RHP Earnest Casey
Pitching: RHP Earnest Casey
Batting: LHB António López 0-0: Ball
1-0: Foul Ball, location: 2F
1-1: Foul Ball, location: 2F
1-2: Ball
2-2: Strikes out swinging
Batting: RHB Pete Davidson 0-0: Called Strike
0-1: Ball
1-1: Ball
2-1: Ball
3-1: Base on Balls
Batting: RHB José Rodríguez 0-0: Ball
1-0: Called Strike
1-1: Ball
2-1: Foul Ball, location: 2F
2-2: Strikes out swinging
Batting: RHB Dong-joon Ch'oe 0-0: Called Strike
0-1: Ball
Wild Pitch!
Pete Davidson to second
1-1: Foul Ball, location: 2F
1-2: DOUBLE (Flyball, 8LXD)
Pete Davidson scores
Batting: RHB John MacGregor 0-0: Called Strike
0-1: Ball
1-1: Ball
2-1: Foul Ball, location: 2F
2-2: SINGLE (Groundball, 34D)
Dong-joon Ch'oe to third
Runner from 3rd tries for Home, SAFE, throw made home
John MacGregor to second
Batting: SHB Mark Kennedy 0-0: Ball
1-0: SINGLE (Line Drive, 4MD)
John MacGregor to third
Runner from 3rd tries for Home, SAFE, no throw or cutoff
Batting: RHB Stu Henderson 0-0: Ball
1-0: Ball
2-0: Ball
3-0: Called Strike
3-1: Base on Balls
Mark Kennedy to second
Batting: RHB Jake Hutchinson 0-0: Called Strike
0-1: Called Strike
0-2: Ball
1-2: Strikes out looking
Top of the 1st over - 3 run(s), 3 hit(s), 0 error(s), 2 left on base; Montreal 3 - Philadephia 1776 0
BOTTOM OF THE 1ST
Philadephia 1776 BC batting - Pitching for Montreal Rivermen : LHP Zander Fry
Pitching: LHP Zander Fry
Batting: LHB Manuel García 0-0: Called Strike
0-1: Ball
1-1: Ball
2-1: Ground out 6-3 (Groundball, 6M)
Batting: RHB José Ramos 0-0: Called Strike
0-1: Called Strike
0-2: Strikes out looking
Batting: RHB Tommy Jones 0-0: Ball
1-0: Swinging Strike
1-1: Fly out, F5 (Popup, 15S)
Bottom of the 1st over - 0 run(s), 0 hit(s), 0 error(s), 0 left on base; Montreal 3 - Philadephia 1776 0
TOP OF THE 2ND
Montreal Rivermen batting - Pitching for Philadephia 1776 BC : RHP Earnest Casey
Batting: LHB Zander Fry 0-0: Called Strike
0-1: Foul Ball, location: 2F
0-2: Ball
1-2: Ground out 4-3 (Groundball, 4)
Batting: LHB António López 0-0: Called Strike
0-1: Foul Ball, location: 2F
0-2: SINGLE (Line Drive, 56D)
Batting: RHB Pete Davidson 0-0: Called Strike
0-1: Ground out 6-3 (Groundball, 6MS)
António López to second
Batting: RHB José Rodríguez 0-0: Ball
1-0: Called Strike
1-1: DOUBLE (Flyball, 8LXD)
António López scores
Batting: RHB Dong-joon Ch'oe 0-0: Swinging Strike
0-1: Foul Ball, location: 2F
0-2: Ball
1-2: Ball
2-2: Strikes out swinging
Top of the 2nd over - 1 run(s), 2 hit(s), 0 error(s), 1 left on base; Montreal 4 - Philadephia 1776 0
BOTTOM OF THE 2ND
Philadephia 1776 BC batting - Pitching for Montreal Rivermen : LHP Zander Fry
Batting: RHB Brian O'Brian 0-0: Fly out, F5 (Popup, 25)
Batting: LHB Jesús Vargas 0-0: Called Strike
0-1: Ball
1-1: Foul Ball, location: 2F
1-2: Ball
2-2: Strikes out swinging
Batting: RHB Lúcio Montoya 0-0: Called Strike
0-1: SINGLE (Line Drive, 78M)
Batting: LHB Rubén Alte 0-0: Ball
1-0: Ball
2-0: Ball
3-0: Called Strike
3-1: Foul Ball, location: 2F
3-2: Strikes out swinging
Bottom of the 2nd over - 0 run(s), 1 hit(s), 0 error(s), 1 left on base; Montreal 4 - Philadephia 1776 0
TOP OF THE 3RD
Montreal Rivermen batting - Pitching for Philadephia 1776 BC : RHP Earnest Casey
Batting: RHB John MacGregor 0-0: Ground out 4-3 (Groundball, 4)
Batting: SHB Mark Kennedy 0-0: Called Strike
0-1: Swinging Strike
0-2: Ball
1-2: Foul Ball, location: 2F
1-2: Ball
2-2: Fly out, F9 (Flyball, 9D)
Batting: RHB Stu Henderson 0-0: Ball
1-0: Ball
2-0: Called Strike
2-1: Ball
3-1: Base on Balls
Batting: RHB Jake Hutchinson 0-0: Ball
1-0: Foul Ball, location: 2F
1-1: Ball
2-1: Fly out, F8 (Flyball, 8RXD)
Top of the 3rd over - 0 run(s), 0 hit(s), 0 error(s), 1 left on base; Montreal 4 - Philadephia 1776 0
BOTTOM OF THE 3RD
Philadephia 1776 BC batting - Pitching for Montreal Rivermen : LHP Zander Fry
Batting: SHB Matthieu Servergnini 0-0: Called Strike
0-1: Ball
1-1: Called Strike
1-2: Foul Ball, location: 2F
1-2: Ball
2-2: Foul Ball, location: 2F
2-2: Foul Ball, location: 2F
2-2: Foul Ball, location: 2F
2-2: Ground out 5-3 (Groundball, 5S)
Pinch Hitting: RHB Tanner Watkins 0-0: Called Strike
0-1: Called Strike
0-2: Ball
1-2: Strikes out swinging
Batting: LHB Manuel García 0-0: Ball
1-0: Ball
2-0: Called Strike
2-1: Foul Ball, location: 2F
2-2: Foul Ball, location: 2F
2-2: Foul Ball, location: 2F
2-2: Ball
3-2: Strikes out looking
Bottom of the 3rd over - 0 run(s), 0 hit(s), 0 error(s), 0 left on base; Montreal 4 - Philadephia 1776 0
TOP OF THE 4TH
Montreal Rivermen batting - Pitching for Philadephia 1776 BC : RHP Earnest Casey
Pitching: RHP Carlos Villarreal
Batting: LHB Zander Fry 0-0: Ball
1-0: Swinging Strike
1-1: Ball
2-1: Called Strike
2-2: Ball
3-2: Foul Ball, location: 2F
3-2: Foul Ball, location: 2F
3-2: Strikes out swinging
Batting: LHB António López 0-0: Called Strike
0-1: Swinging Strike
0-2: Ball
1-2: Ground out 4-3 (Groundball, 4)
Batting: RHB Pete Davidson 0-0: Foul Ball, location: 2F
0-1: Ball
1-1: Ball
2-1: Fly out, F8 (Flyball, 8RM)
Top of the 4th over - 0 run(s), 0 hit(s), 0 error(s), 0 left on base; Montreal 4 - Philadephia 1776 0
BOTTOM OF THE 4TH
Philadephia 1776 BC batting - Pitching for Montreal Rivermen : LHP Zander Fry
Batting: RHB José Ramos 0-0: Ball
1-0: Called Strike
1-1: Called Strike
1-2: Strikes out swinging
Batting: RHB Tommy Jones 0-0: Ball
1-0: Ball
2-0: Ball
3-0: Base on Balls
Batting: RHB Brian O'Brian 0-0: Foul Ball, location: 2F
0-1: Ball
1-1: Ball
2-1: Ball
3-1: Foul Ball, location: 2F
3-2: Grounds into double play, 1-6-3 (Groundball, 15)
Bottom of the 4th over - 0 run(s), 0 hit(s), 0 error(s), 0 left on base; Montreal 4 - Philadephia 1776 0
TOP OF THE 5TH
Montreal Rivermen batting - Pitching for Philadephia 1776 BC : RHP Carlos Villarreal
Batting: RHB José Rodríguez 0-0: Ground out 5-3 (Groundball, 6S)
Batting: RHB Dong-joon Ch'oe 0-0: Called Strike
0-1: Ball
1-1: Fly out, F9 (Flyball, 9M)
Batting: RHB John MacGregor 0-0: Ball
1-0: Ball
2-0: SINGLE (Groundball, 6MD)
Batting: SHB Mark Kennedy 0-0: Swinging Strike
0-1: Called Strike
0-2: Ball
John MacGregor steals 2nd base
1-2: Foul Ball, location: 2F
1-2: Ball
2-2: Foul Ball, location: 2F
2-2: Fly out, F7 (Flyball, 78M)
Top of the 5th over - 0 run(s), 1 hit(s), 0 error(s), 1 left on base; Montreal 4 - Philadephia 1776 0
BOTTOM OF THE 5TH
Philadephia 1776 BC batting - Pitching for Montreal Rivermen : LHP Zander Fry
Batting: LHB Jesús Vargas 0-0: Ball
1-0: Called Strike
1-1: Foul Ball, location: 2F
1-2: Ball
2-2: Fly out, F7 (Flyball, 78XD)
Batting: RHB Lúcio Montoya 0-0: Foul Ball, location: 2F
0-1: Ball
1-1: Ball
2-1: Ball
3-1: Called Strike
3-2: Ground out 1-3 (Groundball, 23)
Batting: LHB Rubén Alte 0-0: Ball
1-0: Called Strike
1-1: Ball
2-1: Fly out, F9 (Flyball, 9D)
Bottom of the 5th over - 0 run(s), 0 hit(s), 0 error(s), 0 left on base; Montreal 4 - Philadephia 1776 0
TOP OF THE 6TH
Montreal Rivermen batting - Pitching for Philadephia 1776 BC : RHP Carlos Villarreal
Batting: RHB Stu Henderson 0-0: Ball
1-0: Ball
2-0: Foul Ball, location: 2F
2-1: Ball
3-1: Base on Balls
Batting: RHB Jake Hutchinson 0-0: Foul Ball, location: 2F
0-1: Ball
1-1: Ball
2-1: SINGLE (Groundball, 3L)
Stu Henderson to second
Runner from 2nd tries for 3rd, SAFE, throw made to third
Jake Hutchinson to second
Batting: LHB Zander Fry 0-0: Foul Ball, location: 2F
0-1: Ground out 1-3 (Groundball, 23)
Batting: LHB António López 0-0: Called Strike
0-1: Ball
1-1: Swinging Strike
1-2: Ball
2-2: Fly out, F9 (Flyball, 89M)
Runner from 3rd tags up, SCORES, throw made
Batting: RHB Pete Davidson 0-0: Fly out, F7 (Line Drive, 7M)
Top of the 6th over - 1 run(s), 1 hit(s), 0 error(s), 1 left on base; Montreal 5 - Philadephia 1776 0
BOTTOM OF THE 6TH
Philadephia 1776 BC batting - Pitching for Montreal Rivermen : LHP Zander Fry
Batting: SHB Matthieu Servergnini 0-0: Ground out 1-3 (Groundball, 13)
Pinch Hitting: RHB Soseki Matsunaga 0-0: Fly out, F9 (Line Drive, 9S)
Batting: LHB Manuel García 0-0: Ball
1-0: Ball
2-0: Fly out, F9 (Flyball, 9S)
Bottom of the 6th over - 0 run(s), 0 hit(s), 0 error(s), 0 left on base; Montreal 5 - Philadephia 1776 0
TOP OF THE 7TH
Montreal Rivermen batting - Pitching for Philadephia 1776 BC : RHP Carlos Villarreal
Pitching: LHP Michael Campbell
Batting: RHB José Rodríguez 0-0: Ball
1-0: Called Strike
1-1: Ground out 6-3 (Groundball, 6)
Batting: RHB Dong-joon Ch'oe 0-0: Ball
1-0: Foul Ball, location: 2F
1-1: Foul Ball, location: 2F
1-2: Foul Ball, location: 2F
1-2: Ball
2-2: Ball
3-2: Base on Balls
Batting: RHB John MacGregor 0-0: Fly out, F7 (Line Drive, 7M)
Batting: SHB Mark Kennedy 0-0: Called Strike
0-1: Ball
1-1: Foul Ball, location: 2F
1-2: Strikes out swinging
Top of the 7th over - 0 run(s), 0 hit(s), 0 error(s), 1 left on base; Montreal 5 - Philadephia 1776 0
BOTTOM OF THE 7TH
Philadephia 1776 BC batting - Pitching for Montreal Rivermen : LHP Zander Fry
Now at 1B: Tim Moss
Batting: RHB José Ramos 0-0: SINGLE (Groundball, 6MD)
Batting: RHB Tommy Jones 0-0: Ball
1-0: Ball
Wild Pitch!
José Ramos to second
2-0: Ball
3-0: SINGLE (Groundball, 15S) (infield hit)
José Ramos to third
Batting: RHB Brian O'Brian 0-0: Ball
1-0: Hit by Pitch
Tommy Jones to second
Batting: LHB Jesús Vargas 0-0: Called Strike
0-1: Fly out, F7 (Flyball, 7S)
Batting: RHB Lúcio Montoya 0-0: SINGLE (Groundball, 56)
José Ramos scores
Tommy Jones to third
Brian O'Brian to second
Runner from 3rd tries for Home, SAFE, no throw or cutoff
Batting: LHB Rubén Alte 0-0: Called Strike
0-1: Ball
1-1: Called Strike
1-2: Ball
2-2: Ball
3-2: Strikes out swinging
Batting: SHB Matthieu Servergnini 0-0: Ball
1-0: Fly out, F8 (Flyball, 8RXD)
Bottom of the 7th over - 2 run(s), 3 hit(s), 0 error(s), 2 left on base; Montreal 5 - Philadephia 1776 2
TOP OF THE 8TH
Montreal Rivermen batting - Pitching for Philadephia 1776 BC : LHP Michael Campbell
Batting: RHB Stu Henderson 0-0: Ball
1-0: Foul Ball, location: 2F
1-1: Ball
2-1: Ball
3-1: Foul Ball, location: 2F
3-2: Base on Balls
Batting: RHB Jake Hutchinson 0-0: Sac Bunt - play at second, runner OUT! 1-6
Pinch Hitting: LHB Geoff Tucker 0-0: Swinging Strike
0-1: Fly out, F9 (Flyball, 9S)
Batting: LHB António López 0-0: Ball
1-0: Ball
2-0: Ball
3-0: Foul Ball, location: 2F
3-1: Foul Ball, location: 2F
3-2: Base on Balls
Jake Hutchinson to second
Batting: RHB Pete Davidson 0-0: Ball
1-0: Ball
2-0: Foul Ball, location: 2F
2-1: Swinging Strike
2-2: Ground out 5-3 (Groundball, 5S)
Top of the 8th over - 0 run(s), 0 hit(s), 0 error(s), 2 left on base; Montreal 5 - Philadephia 1776 2
BOTTOM OF THE 8TH
Philadephia 1776 BC batting - Pitching for Montreal Rivermen : LHP Zander Fry
Pitching: RHP Adrián Muñíz
Pinch Hitting: LHB John Boone 0-0: Ball
1-0: Called Strike
1-1: Ball
2-1: Ball
3-1: Fly out, F6 (Line Drive, 6)
Batting: LHB Manuel García 0-0: Ball
1-0: SINGLE (Groundball, 34D)
Pitching: RHP Juan Ayala
Batting: RHB José Ramos 0-0: Ball
1-0: Ball
Wild Pitch!
Manuel García to second
2-0: Ground out 6-3 (Groundball, 6M)
Manuel García to third
Batting: RHB Tommy Jones 0-0: Ball
1-0: Ball
2-0: Swinging Strike
2-1: Foul Ball, location: 2F
2-2: Strikes out looking
Bottom of the 8th over - 0 run(s), 1 hit(s), 0 error(s), 1 left on base; Montreal 5 - Philadephia 1776 2
TOP OF THE 9TH
Montreal Rivermen batting - Pitching for Philadephia 1776 BC : LHP Michael Campbell
Pitching: LHP Rick Payne
Batting: SHB Tim Moss 0-0: Ball
1-0: Swinging Strike
1-1: Foul Ball, location: 2F
1-2: Strikes out swinging
Batting: RHB Dong-joon Ch'oe 0-0: Called Strike
0-1: Ball
1-1: Ball
2-1: Ball
3-1: Base on Balls
Batting: RHB John MacGregor 0-0: Fly out, F9 (Flyball, 9LM)
Batting: SHB Mark Kennedy 0-0: Foul Ball, location: 2F
0-1: Foul Ball, location: 2F
0-2: Ball
1-2: Ball
2-2: Ground out 4-3 (Groundball, 34)
Top of the 9th over - 0 run(s), 0 hit(s), 0 error(s), 1 left on base; Montreal 5 - Philadephia 1776 2
BOTTOM OF THE 9TH
Philadephia 1776 BC batting - Pitching for Montreal Rivermen : RHP Juan Ayala
Pitching: RHP Jeff Pearson
Now at 2B: Bryan Carter
Batting: RHB Brian O'Brian 0-0: Ball
1-0: Ball
2-0: Ball
3-0: Called Strike
3-1: Base on Balls
Batting: LHB Jesús Vargas 0-0: Ball
1-0: Called Strike
1-1: Swinging Strike
1-2: Fly out, F9 (Flyball, 9D)
Batting: RHB Lúcio Montoya 0-0: Called Strike
0-1: Ball
1-1: Ball
2-1: Swinging Strike
2-2: Strikes out swinging
Batting: LHB Rubén Alte 0-0: Called Strike
0-1: Foul Ball, location: 2F
0-2: Ball
1-2: Ball
2-2: Ball
3-2: Base on Balls
Brian O'Brian to second
Batting: SHB Matthieu Servergnini 0-0: Called Strike
0-1: Foul Ball, location: 2F
0-2: Ball
1-2: Ball
2-2: Strikes out swinging
Bottom of the 9th over - 0 run(s), 0 hit(s), 0 error(s), 2 left on base; Montreal 5 - Philadephia 1776 2
This league is powered by Out of the Park Baseball, the baseball management simulation game for PC, Mac and Linux
Saturday, February 27th, 2021 - OOTP Baseball 15.6 Build 34